 Dungeon Crawl Stone Soup version 0.16.0-17-g811c1d7 (webtiles) character file.

3574 Raurakos the Nimble (level 10, -11/50 HPs)
             Began as a Tengu Fire Elementalist on Mar 20, 2015.
             Was a Believer of Vehumet.
             Mangled by an orc warrior
             ... wielding a +3 flail
              (16 damage)
             ... on level 8 of the Dungeon.
             The game lasted 01:15:02 (12279 turns).

Raurakos the Nimble (Tengu Fire Elementalist)      Turns: 12279, Time: 01:15:03

Health: -11/50     AC:  7    Str:  8    XL:     10   Next: 10%
Magic:  10/21      EV: 18    Int: 18    God:    Vehumet [**....]
Gold:   210        SH:  0    Dex: 16    Spells: 4 memorised, 5 levels left

rFire  . . .     SeeInvis .     b - +0 long sword
rCold  + . .     Clarity  .     A - +1 leather armour {rC+}
rNeg   . . .     SustAb   .     (no shield)
rPois  .         Gourm    .     (helmet restricted)
rElec  .         Spirit   .     (no cloak)
rCorr  .         Warding  .     (no gloves)
rMut   +         Stasis   .     (boots unavailable)
MR     .....                    i - amulet of resist mutation
Stlth  ++........               (no ring)
                                q - +3 ring of protection

@: not resistant to hostile enchantments, unstealthy
A: able to fly, beak, talons 3
a: Fly, Renounce Religion


You were on level 8 of the Dungeon.
You worshipped Vehumet.
Vehumet was pleased with you.
You were very hungry.

You visited 2 branches of the dungeon, and saw 10 of its levels.

You collected 292 gold pieces.
You spent 82 gold pieces at shops.

Inventory:

Hand weapons
 a - a +0 hunting sling
 b - a +0 long sword (weapon)
 d - a +0 great sword
Missiles
 o - 20 stones (quivered)
 v - 16 sling bullets
Armour
 A - a +1 leather armour of cold resistance (worn)
 E - a +0 buckler
Magical staves
 Q - an uncursed staff of poison
Jewellery
 i - an amulet of resist mutation (around neck)
 q - a +3 ring of protection (left hand)
 F - an uncursed ring of teleportation
 P - an uncursed ring of fire
Magical devices
 y - a wand of flame (17)
 z - a wand of fireball (7)
 H - a wand of flame (11)
 K - a wand of flame (21)
 N - a wand of frost (31)
Scrolls
 e - 2 scrolls of teleportation
 f - 3 scrolls of magic mapping
 k - 2 scrolls of enchant armour
 n - a scroll of blinking
 s - 2 scrolls of fear {unknown}
 t - a scroll of enchant weapon {unknown}
 u - a scroll of remove curse
 B - a scroll of brand weapon {unknown}
 D - a scroll of recharging
 M - a scroll of random uselessness {unknown}
Potions
 h - a potion of might
 j - a potion of resistance
 p - 3 potions of restore abilities
 w - 5 potions of curing
 x - 2 potions of magic
 L - a potion of berserk rage {unknown}
 R - a potion of haste {unknown}
 S - a potion of cancellation {unknown}
Books
 m - a book of Flames

   Spells                             Type                      Level
   a - Flame Tongue                   Conjuration/Fire             1
   b - Throw Flame                    Conjuration/Fire             2
   c - Conjure Flame                  Conjuration/Fire             3
   d - Inner Flame                    Hexes/Fire                   3
   e - Sticky Flame                   Conjuration/Fire             4
   f - Fireball                       Conjuration/Fire             5
 r - a book of Necromancy

   Spells                             Type                      Level
   a - Pain                           Necromancy                   1
   b - Animate Skeleton               Necromancy                   1
   c - Vampiric Draining              Necromancy                   3
   d - Regeneration                   Charms/Necromancy            3
   e - Animate Dead                   Necromancy                   4
   f - Control Undead                 Necromancy                   4
 J - a book of Summonings

   Spells                             Type                      Level
   a - Abjuration                     Summoning                    3
   b - Recall                         Summoning/Translocation      3
   c - Shadow Creatures               Summoning                    5
   d - Summon Demon                   Summoning                    5
   e - Summon Forest                  Summoning/Translocation      5
   f - Monstrous Menagerie            Summoning                    6
 O - a book of Hinderance

   Spells                             Type                      Level
   a - Confusing Touch                Hexes                        2
   b - Confuse                        Hexes                        3
   c - Petrify                        Transmutation/Earth          4
   d - Metabolic Englaciation         Hexes/Ice                    5
   e - Gell's Gravitas                Hexes/Translocation          5
   f - Summon Mana Viper              Hexes/Summoning              5
Comestibles
 c - 10 bread rations
 g - 2 fruits
 l - 5 meat rations
 C - 2 beef jerkies
 G - 2 royal jellies


   Skills:
 - Level 2.0 Long Blades
 - Level 2.0 Armour
 - Level 10.1 Dodging
 - Level 2.0 Stealth
 + Level 3.4 Spellcasting
 - Level 9.1 Conjurations
 - Level 8.6 Fire Magic


You had 5 spell levels left.
You knew the following spells:

 Your Spells              Type           Power        Failure   Level  Hunger
a - Flame Tongue          Conj/Fire      #####        1%          1    None
b - Throw Flame           Conj/Fire      #####.       1%          2    ##.....
c - Conjure Flame         Conj/Fire      #####...     1%          3    ###....
d - Sticky Flame          Conj/Fire      #####...     8%          4    ####...


Dungeon Overview and Level Annotations

Branches:
Dungeon (9/15)             Temple (1/1) D:7
   Lair: D:8-11         Orc: D:9-12

Altars:
Ashenzari
Cheibriados
Dithmenos
Elyvilon
Fedhas
Gozag
Kikubaaqudgha
Makhleb
Nemelex Xobeh
Okawaru
Qazlal
Ru
Sif Muna
Trog
Vehumet
Xom
Yredelemnul
Zin
The Shining One

Shops:
D:7 ?

Annotations:
D:1 exclusion: gnoll


Innate Abilities, Weirdness & Mutations

You can fly.
You have a beak for a mouth.
You have claws for feet.


Message History

The orc warrior is covered in liquid flames!
The orc warrior burns!
The orc warrior hits you with an enchanted flail!
* * * LOW HITPOINT WARNING * * *
The orc warrior burns!
The orc warrior burns!
The orc warrior burns!
The orc warrior burns!
The orc warrior stops burning.
Casting: Sticky Flame
Confirm with . or Enter, or press ? or * to list all spells.
Aiming: Sticky Flame
Press: ? - help, Shift-Dir - straight line, f/p - orc warrior
Aim: an orc warrior, wielding an enchanted flail and wearing a runed plate armour (almost dead)
The sticky flame hits the orc warrior.
The orc warrior appears unharmed.
The orc warrior is almost dead.
The orc warrior is covered in liquid flames!
You are feeling very hungry.
The orc warrior burns!
The orc warrior hits you with an enchanted flail!
You die...

# #.>.......# #.# #
########### #.# #
#.# # ###########
#.# # #.........#
#.#
#######.#######.#
#># #.......# #.#
#.# #.#######
#o###############.#
#.#
#.@...............#
#(#
###################
<(# ###


You could see an orc warrior (burning).

Vanquished Creatures
  A yak (D:8)
  Eustachio (D:4)
  A wyvern (D:8)
  The ghost of 4thArraOfDagon the Sneak, an average SpIE (D:5)
  An ice beast (D:8)
  2 black bears (D:8)
  A phantom (D:8)
  A necrophage (D:8)
  3 orc warriors
  An ogre (D:4)
  3 centaurs
  Sigmund (D:4)
  3 giant frogs
  3 killer bees
  5 wights
  2 goliath beetles
  A crimson imp (D:5)
  A hound (D:8)
  A jelly (D:5)
  A centaur skeleton (D:6)
  A quasit (D:7)
  8 orc priests
  A giant frog skeleton (D:5)
  7 orc wizards
  11 worker ants
  A hound zombie (D:7)
  A hound skeleton (D:5)
  A worker ant zombie (D:7)
  13 adders
  11 gnolls
  9 worms
  2 adder skeletons
  An adder zombie (D:6)
  7 giant geckos
  3 oozes
  34 orcs
  17 bats
  8 giant cockroaches
  12 goblins
  11 hobgoblins
  4 quokkas
  A ball python (D:1)
  A giant gecko zombie (D:8)
  7 giant newts
  A giant spore (D:9)
  11 jackals
  A jackal skeleton (D:4)
  12 kobolds
  A quokka skeleton (D:4)
  A quokka zombie (D:8)
  18 rats
  A ballistomycete (D:9)
252 creatures vanquished.

Notes
Turn   | Place    | Note
--------------------------------------------------------------
     0 | D:1      | Raurakos, the Tengu Fire Elementalist, began the quest for the Orb.
     0 | D:1      | Reached XP level 1. HP: 10/10 MP: 3/3
   203 | D:1      | Reached XP level 2. HP: 13/15 MP: 0/5
   243 | D:1      | Learned a level 2 spell: Throw Flame
   863 | D:1      | Reached skill level 4 in Fire Magic
   948 | D:1      | Reached XP level 3. HP: 19/19 MP: 4/7
   982 | D:1      | Learned a level 3 spell: Conjure Flame
  1767 | D:2      | Reached XP level 4. HP: 10/24 MP: 1/8
  2775 | D:2      | Reached skill level 5 in Fire Magic
  2837 | D:2      | Reached XP level 5. HP: 28/28 MP: 9/11
  3108 | D:3      | Found a deep blue altar of Sif Muna.
  3221 | D:3      | Reached skill level 5 in Conjurations
  3352 | D:3      | Reached XP level 6. HP: 32/32 MP: 9/12
  3848 | D:4      | Reached skill level 6 in Fire Magic
  3884 | D:4      | Noticed Eustachio
  4449 | D:4      | Reached XP level 7. HP: 29/36 MP: 9/14
  4455 | D:4      | Learned a level 4 spell: Sticky Flame
  4584 | D:4      | Noticed Sigmund
  4622 | D:4      | Killed Sigmund
  4839 | D:4      | Found a radiant altar of Vehumet.
  4904 | D:4      | Reached skill level 7 in Conjurations
  4994 | D:4      | Found a sacrificial altar of Ru.
  4998 | D:4      | Found a snail-covered altar of Cheibriados.
  5001 | D:4      | Became a worshipper of Vehumet
  5007 | D:4      | Found an iron altar of Okawaru.
  5013 | D:4      | Found a shattered altar of Ashenzari.
  5016 | D:4      | Found a shadowy altar of Dithmenos.
  5261 | D:5      | Entered Level 5 of the Dungeon
  5265 | D:5      | Noticed 4thArraOfDagon's ghost (average SpIE)
  5375 | D:4      | Killed Eustachio
  5740 | D:5      | Reached skill level 8 in Conjurations
  5756 | D:5      | Reached XP level 8. HP: 41/41 MP: 3/16
  5918 | D:5      | Killed 4thArraOfDagon's ghost
  6734 | D:6      | Reached skill level 9 in Conjurations
  6784 | D:6      | Acquired Vehumet's first power
  6784 | D:6      | Offered knowledge of Freeze by Vehumet.
  8154 | D:7      | Found a staircase to the Ecumenical Temple.
  8160 | Temple   | Entered the Ecumenical Temple
  8564 | D:7      | Found Worgh's Magic Scroll Emporium.
  8591 | D:7      | Bought a scroll of identify for 30 gold pieces
  8591 | D:7      | Bought a scroll of magic mapping for 52 gold pieces
  8834 | D:7      | Reached skill level 5 in Dodging
  8834 | D:7      | Reached XP level 9. HP: 45/45 MP: 3/17
  9924 | D:8      | Offered knowledge of Shock by Vehumet.
 11191 | D:8      | Offered knowledge of Stone Arrow by Vehumet.
 11693 | D:8      | Reached skill level 10 in Dodging
 11777 | D:8      | Reached skill level 1 in Long Blades
 11777 | D:8      | Reached XP level 10. HP: 50/50 MP: 3/18
 12279 | D:8      | Mangled by an orc warrior

Action                   |  1- 3 |  4- 6 |  7- 9 | 10-12 || total
-------------------------+-------+-------+-------+-------++-------
Melee: Unarmed           |    21 |       |       |       ||    21
       Short sword       |     4 |     5 |       |       ||     9
       Long sword        |       |       |    95 |    15 ||   110
 Fire: Hunting sling     |     8 |   169 |   166 |       ||   343
Throw: Stone             |     3 |       |     5 |       ||     8
 Cast: Flame Tongue      |    53 |    67 |   201 |     5 ||   326
       Throw Flame       |    11 |    18 |    91 |     1 ||   121
       Conjure Flame     |       |    11 |    30 |     2 ||    43
       Sticky Flame      |       |       |    24 |     8 ||    32
 Abil: Fly               |       |     1 |       |       ||     1
  Use: Scroll            |     5 |     2 |     6 |     3 ||    16
 Stab: Sleeping          |     1 |       |     1 |       ||     2
  Eat: Chunk             |     4 |    13 |    35 |     3 ||    55
       Pizza             |       |       |     3 |       ||     3
